 Dungeon Crawl Stone Soup version 0.19.0-18-g426998a (console) character file.

64007 Kloppie the Carver (level 14, 0/177 HPs)
             Began as a Demonspawn Berserker on Nov 11, 2016.
             Was the Champion of Trog.
             Slain by a blink frog (12 damage)
             ... on level 5 of the Lair of Beasts on Nov 12, 2016.
             The game lasted 00:36:26 (21049 turns).

Kloppie the Carver (Demonspawn Berserker)          Turns: 21049, Time: 00:36:27

Health: 0/177      AC: 20    Str: 23    XL:     14   Next: 70%
Magic:  14/14      EV: 13    Int: 13    God:    Trog [******]
Gold:   947        SH: 15    Dex: 20    Spells: 0 memorised, 13 levels left

rFire  + . .     SeeInvis .     b - +0 morningstar
rCold  . . .     Gourm    .     G - +1 chain mail {rF+}
rNeg   + . .     Faith    +     E - +2 shield
rPois  .         Spirit   .     (helmet restricted)
rElec  .         Reflect  .     H - +1 cloak
rCorr  .         Harm     .     i - +0 pair of gloves "Buti" {Int+3 Dex+4 Slay+2 Stlth+}
MR     +....                    y - +0 pair of boots (curse)
Stlth  ..........               J - amulet of faith
                                Y - +4 ring of evasion
                                m - ring of positive energy

@: mighty, berserking (expiring), lethally poisoned (0 -> -4), very quick
A: horns 1, slimy green scales 2, nightstalker 2, powered by pain 2
a: Berserk, Trog's Hand, Brothers in Arms, Burn Spellbooks, Renounce Religion


You were on level 5 of the Lair of Beasts.
You worshipped Trog.
Trog was exalted by your worship.
You were very hungry.

You visited 3 branches of the dungeon, and saw 21 of its levels.
You also visited: Ice Cave.

You collected 1737 gold pieces.
You spent 790 gold pieces at shops.

Inventory:

Hand Weapons
 a - the +9 long sword "Tubui" {freeze, +Blink rElec MR+++ Dex-4}
   (You bought it in a shop on level 5 of the Dungeon)

   It has been specially enchanted to freeze those struck by it, causing extra
   injury to most foes and up to half again as much damage against particularly
   susceptible opponents.
   It can also slow down cold-blooded creatures.
   It affects your dexterity (-4).
   It insulates you from electricity.
   It affects your resistance to hostile enchantments.
   It lets you blink.
 b - a +0 morningstar (weapon)
 w - a +1 long sword of protection
 Q - a +2 antimagic long sword
 X - a +6 double sword of electrocution
Armour
 i - the +0 pair of gloves "Buti" (worn) {Int+3 Dex+4 Slay+2 Stlth+}
   (You bought it in a shop on level 5 of the Dungeon)

   It affects your intelligence (+3).
   It affects your dexterity (+4).
   It affects your accuracy and damage with ranged weapons and melee attacks
   (+2).
   It makes you more stealthy.
 y - a cursed +0 pair of boots (worn)
 E - a +2 shield (worn)
 G - a +1 chain mail of fire resistance (worn)
 H - a +1 cloak (worn)
Jewellery
 m - a ring of positive energy (left hand)
 B - a +2 amulet of reflection {unknown}
 F - an uncursed amulet of regeneration
 J - an amulet of faith (around neck)
 L - an uncursed ring of ice
 W - an uncursed ring of see invisible
 Y - a +4 ring of evasion (right hand)
Wands
 l - a wand of digging (17/24)
 I - a wand of disintegration (12/24)
 K - a wand of digging (7/24)
 U - a wand of lightning (8/15)
Scrolls
 f - 3 scrolls of enchant weapon
 g - 2 scrolls of noise {unknown}
 n - 5 scrolls of remove curse
 p - 5 scrolls of magic mapping
 r - 2 scrolls of identify
 t - 8 scrolls of teleportation
 v - 3 scrolls of fog
 O - 4 scrolls of recharging
 S - a scroll of blinking
Potions
 e - 4 potions of invisibility
 j - 3 potions of heal wounds
 o - a potion of cancellation {unknown}
 u - a potion of experience {unknown}
 x - 4 potions of flight {unknown}
 z - 2 potions of magic {unknown}
 A - 9 potions of curing
 C - 3 potions of berserk rage {unknown}
 D - 2 potions of haste
 M - 2 potions of cure mutation {unknown}
 N - 3 potions of agility {unknown}
 P - 3 potions of ambrosia {unknown}
 T - a potion of resistance
Comestibles
 c - 10 bread rations
 h - 7 beef jerkies
 k - 10 slices of pizza
 q - 6 meat rations
 s - 43 fruits


   Skills:
 + Level 13.3 Fighting
 - Level 14.4 Long Blades
 - Level 9.7 Armour
 - Level 1.7 Dodging
 + Level 11.8 Shields


You had 13 spell levels left.
You didn't know any spells.

Dungeon Overview and Level Annotations

Branches:
Dungeon (14/15)            Temple (0/1) D:5            Lair (6/6) D:11
  Swamp (0/4) Lair:3       Spider (0/4) Lair:2        Slime (0/5) Lair:5
    Orc (1/2) D:10         Vaults (0/5) D:14

Altars:
Dithmenos
Qazlal
Xom
Beogh

Shops:
D:5 [*=[(   D:7 ([   D:8 ?

Annotations:
D:14 exclusion: Roxanne, Roxanne
Lair:5 exclusion: 2 oklob plants


Innate Abilities, Weirdness & Mutations

You have a pair of small horns on your head.
You are mostly covered in slimy green scales. (AC +3)
You are significantly more attuned to the shadows.
You sometimes gain power by taking damage.


Message History

The hippogriff barely misses you.
The hippogriff pecks you but does no damage.
The hippogriff claws you but does no damage.
You impale the eight-headed hydra!!
You kill the eight-headed hydra!
Trog accepts your kill.
You feel sick. You block the blink frog's attack.
You block the hippogriff's attack. x2; The hippogriff completely misses you.
You block the blink frog's attack. The hippogriff completely misses you.
The hippogriff pecks you but does no damage.
The hippogriff claws you but does no damage.
You completely miss the hippogriff. Your headbutt misses the hippogriff.
The hippogriff is moderately wounded.
You feel sick. The blink frog misses you. You block the hippogriff's attack. x3
The hippogriff bites you but does no damage.
The hippogriff closely misses you. The hippogriff barely misses you.
You thump the hippogriff!
The hippogriff is severely wounded.
You feel sick. The blink frog hits you!
You die...

.........##.# #######.### ##P..##
.......#.#######.P##.#..###....#
###...#####P.............#.....##
###.# ##....................P ###
##....................
#.#.................. #
####..............#.. ######
###.................### .≈..P#
#.#.P.@...........(.(.#
#....######.#..HHF..............#
≈..#..##.#..........##..........#
...#≈............######.P..#....#
...#≈............## ##...##.###
..:#≈.............# #....#.##
####≈.............# ###.....##
≈≈≈≈≈(...........P# #.#......#
.....).P.........####......###


You could see 2 hippogriffs and a blink frog.

Vanquished Creatures
  The ghost of letownia the Wrestler, an adept TrWz of Okawaru (IceCv)
  A frost giant (IceCv)
  A fire dragon (Lair:3)
  Josephine (Lair:5)
  2 ogre magi (D:14)
  A vault guard (D:14)
  Fannar (Lair:2)
  8 hydras
  The ghost of topfpfpflanze the Blocker, a journeyman VSFi of Okawaru (IceCv)
  3 centaur warriors (D:14)
  A catoblepas (Lair:4)
  4 death yaks
  Sonja (D:13)
  Urug (Lair:3)
  The ghost of Mandevil the Fighter, a novice HOWn (D:7)
  An unseen horror (D:13)
  2 hill giants
  2 wolf spider zombies (D:13)
  An orc knight (Orc:1)
  2 cyclopes
  2 deep elf magi
  4 ugly things
  2 manticores (D:13)
  An ice statue (IceCv)
  The ghost of Kloppie the Skirmisher, a novice DgFi (D:6)
  4 spiny frogs
  A gargoyle (D:11)
  5 black mambas
  An efreet (D:13)
  4 rime drakes
  2 komodo dragons
  3 trolls
  The ghost of gitgud34 the Slasher, an amateur MiFi of Xom (D:4)
  14 polar bears (IceCv)
  A wind drake (shapeshifter) (D:14)
  Prince Ribbit (D:6)
  A two-headed ogre (D:11)
  9 hippogriffs
  19 blink frogs
  A dream sheep (Lair:1)
  A hornet (D:10)
  A tarantella (Lair:2)
  2 wyverns
  27 yaks
  A vampire (D:11)
  3 basilisks
  4 wraiths
  A hungry ghost (D:12)
  A human (D:8)
  8 vampire mosquitoes
  A warg (Orc:1)
  3 hogs (D:8)
  A soldier ant (D:11)
  2 insubstantial wisps (Lair:5)
  8 water moccasins
  5 porcupines
  2 swamp drakes
  9 orc warriors
  2 ice beasts (D:5)
  A black bear (Lair:1)
  A necrophage (D:7)
  4 sky beasts
  32 wolves
  A phantom (D:11)
  A hornet zombie (D:7)
  9 ogres
  13 centaurs
  10 crocodiles
  A crocodile (shapeshifter) (D:14)
  The ghost of muxecoid the Magician, an amateur HEWz of Sif Muna (D:3)
  3 big kobolds
  9 bullfrogs
  A gnoll sergeant (D:9)
  3 wyvern skeletons
  4 scorpions
  9 killer bees
  10 wights (D:13)
  4 howler monkeys
  3 electric eels (Lair:3)
  4 crimson imps
  4 hounds
  4 centaur skeletons
  4 jellies
  5 bullfrog skeletons
  17 orc priests
  2 bullfrog zombies
  5 iguanas
  13 orc wizards
  A hell rat (shapeshifter) (D:14)
  11 worker ants
  A hound zombie (D:11)
  A hound skeleton (D:8)
  2 worker ant zombies
  3 gnolls (D:9)
  13 adders
  2 shadow imps
  2 adder skeletons
  3 worms
  3 dart slugs
  5 leopard geckos
  60 orcs
  3 giant cockroaches
  5 goblins
  8 hobgoblins
  14 jackals
  20 kobolds
  6 quokkas
  2 ball pythons
  8 bats
  3 frilled lizards
  A giant cockroach zombie (D:6)
  A jackal skeleton (D:9)
  A leopard gecko skeleton (D:5)
  A leopard gecko zombie (D:7)
  A quokka skeleton (D:4)
  4 rats
558 creatures vanquished.

Vanquished Creatures (collateral kills)
  Rupert (Lair:5)
1 creature vanquished.

Vanquished Creatures (others)
  3 yaks (IceCv)
  A wolf (IceCv)
  An iguana (D:5)
  A worker ant (D:5)
  An adder (D:5)
  2 orcs
  5 fungi (Lair:4)
  2 plants (Lair:4)
16 creatures vanquished.

Grand Total: 575 creatures vanquished

Notes
Turn   | Place    | Note
-------+----------+-------------------------------------------
     0 | D:1      | Kloppie the Demonspawn Berserker began the quest for the Orb.
     0 | D:1      | Reached XP level 1. HP: 18/18 MP: 1/1
   243 | D:1      | Reached skill level 3 in Long Blades
   243 | D:1      | Gained mutation: You are partially covered in slimy green scales. (AC +2) [demonic ancestry]
   243 | D:1      | Reached XP level 2. HP: 11/24 MP: 2/2
  1040 | D:1      | Gained mutation: You have a pair of small horns on your head. [demonic ancestry]
  1040 | D:1      | Reached XP level 3. HP: 28/29 MP: 3/3
  1552 | D:2      | Reached ** piety under Trog
  1675 | D:3      | Reached XP level 4. HP: 11/37 MP: 4/4
  1798 | D:3      | Noticed muxecoid's ghost (amateur HEWz)
  1804 | D:3      | Killed muxecoid's ghost
  1804 | D:3      | Reached skill level 4 in Long Blades
  1804 | D:3      | Gained mutation: You are mostly covered in slimy green scales. (AC +3) [demonic ancestry]
  1804 | D:3      | Reached XP level 5. HP: 43/43 MP: 5/5
  1944 | D:3      | Found a shadowy altar of Dithmenos.
  2076 | D:3      | Reached skill level 5 in Fighting
  2201 | D:3      | You fall through a shaft for 3 floors!
  2255 | D:5      | Entered Level 5 of the Dungeon
  2272 | D:5      | Found a shimmering altar of Xom.
  2272 | D:5      | Noticed an ice beast
  2273 | D:5      | Noticed an ice beast
  2356 | D:5      | Reached XP level 6. HP: 42/51 MP: 6/6
  2375 | D:5      | Reached skill level 5 in Long Blades
  2631 | D:4      | Noticed gitgud34's ghost (amateur MiFi)
  2642 | D:4      | Killed gitgud34's ghost
  2642 | D:4      | Reached XP level 7. HP: 53/56 MP: 7/7
  2690 | D:4      | Reached *** piety under Trog
  3572 | D:5      | Reached skill level 6 in Long Blades
  3626 | D:5      | Found Vejohin's Antique Weapon Boutique.
  3678 | D:5      | Found a staircase to the Ecumenical Temple.
  3694 | D:5      | Found Kiucykoi's Antique Armour Boutique.
  3731 | D:5      | Found Ugohevia's General Store.
  3739 | D:5      | Bought a scroll of remove curse for 39 gold pieces
  3739 | D:5      | Bought a scroll of remove curse for 39 gold pieces
  3837 | D:5      | Reached skill level 1 in Shields
  4061 | D:5      | Gained mutation: You sometimes gain a little power by taking damage. [demonic ancestry]
  4061 | D:5      | Reached XP level 8. HP: 63/63 MP: 8/8
  4076 | D:5      | Found Yptang's Jewellery Emporium.
  4227 | D:5      | Found Wiagg's Antique Armour Emporium.
  4421 | D:6      | Noticed Kloppie's ghost (novice DgFi)
  4436 | D:6      | Killed Kloppie's ghost
  4436 | D:6      | Reached skill level 7 in Long Blades
  4594 | D:6      | Noticed Prince Ribbit
  4626 | D:6      | Killed Prince Ribbit
  4787 | D:6      | Reached skill level 8 in Long Blades
  5251 | D:7      | Reached XP level 9. HP: 54/68 MP: 9/9
  5570 | D:7      | Found Lipixood's Antique Weapon Shop.
  5578 | D:7      | Noticed Mandevil's ghost (novice HOWn)
  5649 | D:7      | Killed Mandevil's ghost
  5852 | D:7      | Found Maiz's Antique Armour Emporium.
  5877 | D:7      | Reached skill level 9 in Long Blades
  6165 | D:7      | Reached **** piety under Trog
  6326 | D:5      | Bought an ichor-stained long sword for 161 gold pieces
  6998 | D:8      | Found Kiotaa's Magic Scroll Boutique.
  7003 | D:8      | Bought a scroll of identify for 24 gold pieces
  7003 | D:8      | Bought a scroll of identify for 24 gold pieces
  7003 | D:8      | Identified the +9 long sword "Tubui" {freeze, +Blink rElec MR+++ Dex-4} (You bought it in a shop on level 5 of the Dungeon)
  7093 | D:8      | Reached XP level 10. HP: 70/80 MP: 10/10
  7167 | D:8      | Reached skill level 10 in Long Blades
  7576 | D:9      | Reached ***** piety under Trog
  7962 | D:9      | Found a roughly hewn altar of Beogh.
  8283 | D:5      | Bought a pair of jewelled gloves for 199 gold pieces
  8283 | D:5      | Identified the +0 pair of gloves "Buti" {Int+3 Dex+4 Slay+2 Stlth+} (You bought it in a shop on level 5 of the Dungeon)
  8405 | D:10     | Entered Level 10 of the Dungeon
  8512 | D:10     | Reached skill level 5 in Armour
  8653 | D:10     | Noticed a hill giant
  8658 | D:10     | Killed a hill giant
  8658 | D:10     | Reached skill level 11 in Long Blades
  8688 | D:10     | Identified a scroll of acquirement
  8850 | D:10     | Gained mutation: You are slightly more attuned to the shadows. [demonic ancestry]
  8850 | D:10     | Reached XP level 11. HP: 65/89 MP: 11/11
  9077 | D:10     | Found a staircase to the Orcish Mines.
  9081 | D:10     | Received a gift from Trog
  9664 | D:11     | Reached skill level 12 in Long Blades
  9710 | D:11     | Noticed a brown ugly thing
  9717 | D:11     | Killed a brown ugly thing
  9879 | D:11     | Found a staircase to the Lair.
 10178 | D:12     | Noticed a hill giant
 10185 | D:12     | Killed a hill giant
 10340 | D:12     | Noticed a green ugly thing
 10348 | D:12     | Killed a green ugly thing
 10467 | D:12     | Noticed a deep elf mage
 10472 | D:12     | Killed a deep elf mage
 10472 | D:12     | Received a gift from Trog
 10691 | Lair:1   | Entered Level 1 of the Lair of Beasts
 11144 | Lair:1   | Noticed a four-headed hydra
 11240 | Lair:2   | Reached XP level 12. HP: 94/96 MP: 12/12
 11394 | Lair:2   | Noticed Fannar
 11396 | Lair:2   | Found a hole to the Spider Nest.
 11420 | Lair:2   | Killed Fannar
 11646 | Lair:2   | Reached skill level 13 in Long Blades
 12136 | Lair:3   | Reached skill level 10 in Fighting
 12172 | Lair:3   | Found a staircase to the Swamp.
 12318 | Lair:3   | Noticed Urug
 12328 | Lair:3   | Killed Urug
 12818 | Lair:3   | Reached skill level 5 in Shields
 12827 | Lair:3   | Noticed a fire dragon
 13033 | Lair:3   | Killed a fire dragon
 13752 | Lair:4   | Noticed a five-headed hydra
 13760 | Lair:4   | Killed a five-headed hydra
 13810 | Lair:4   | Noticed a four-headed hydra
 13824 | Lair:4   | Killed a four-headed hydra
 14181 | Lair:4   | Reached skill level 14 in Long Blades
 14265 | Lair:4   | Noticed a six-headed hydra
 14276 | Lair:4   | Killed a six-headed hydra
 14544 | Lair:4   | Reached ****** piety under Trog
 14737 | Lair:4   | Noticed a catoblepas
 14739 | Lair:4   | Noticed a death yak
 14739 | Lair:4   | Noticed a death yak
 14755 | Lair:4   | Noticed a death yak
 14765 | Lair:4   | Killed a catoblepas
 14765 | Lair:4   | Received a gift from Trog
 14769 | Lair:4   | Killed a death yak
 14769 | Lair:4   | Gained mutation: You sometimes gain power by taking damage. [demonic ancestry]
 14769 | Lair:4   | Reached XP level 13. HP: 104/104 MP: 13/13
 15916 | D:5      | Bought a shiny shield for 304 gold pieces
 16127 | Lair:5   | Noticed Josephine
 16154 | Lair:5   | Killed Josephine
 16209 | Lair:5   | Found a stormy altar of Qazlal.
 16258 | Lair:5   | Found a frozen archway.
 16270 | IceCv    | Entered an ice cave
 17068 | IceCv    | Noticed letownia's ghost (adept TrWz)
 17107 | IceCv    | Killed letownia's ghost
 17463 | IceCv    | Noticed topfpfpflanze's ghost (journeyman VSFi)
 17476 | IceCv    | Killed topfpfpflanze's ghost
 17650 | IceCv    | Noticed a frost giant
 17676 | IceCv    | Killed a frost giant
 17676 | IceCv    | Reached skill level 10 in Shields
 17787 | Lair:5   | Noticed Rupert
 17794 | Lair:5   | Killed Rupert
 17794 | Lair:5   | Gained mutation: You are significantly more attuned to the shadows. [demonic ancestry]
 17794 | Lair:5   | Reached XP level 14. HP: 87/114 MP: 14/14
 17852 | Lair:5   | Received a gift from Trog
 19014 | D:13     | Noticed Sonja
 19020 | D:13     | Killed Sonja
 19411 | D:13     | Received a gift from Trog
 20456 | D:14     | Found a gate to the Vaults.
 20511 | D:14     | Noticed Roxanne
 20724 | Orc:1    | Entered Level 1 of the Orcish Mines
 21015 | Lair:6   | Entered Level 6 of the Lair of Beasts
 21049 | Lair:5   | Slain by a blink frog

Skill      XL: |  1  2  3  4  5  6  7  8  9 10 11 12 13 14 |
---------------+-------------------------------------------+-----
Long Blades    | 3 4 5 6 8 9 11 12 14 | 14.4
Fighting       | 4 5 8 9 10 11 13 | 13.3
Armour         | 3 4 6 8 9 |  9.7
Shields        | 1 4 7 10 11 | 11.8
Dodging        | |  1.7

Action                   |  1- 3 |  4- 6 |  7- 9 | 10-12 | 13-15 || total
-------------------------+-------+-------+-------+-------+-------++-------
Melee: Falchion          |   131 |   107 |   383 |       |       ||   621
       Headbutt          |     8 |    25 |   101 |   150 |   178 ||   462
       Long sword        |       |       |     3 |   597 |   618 ||  1218
       Morningstar       |       |       |       |    19 |    35 ||    54
Invok: Berserk           |     2 |     3 |     8 |    13 |     6 ||    32
       Trog's Hand       |       |     1 |     4 |     3 |     2 ||    10
       Brothers in Arms  |       |       |       |       |     1 ||     1
  Use: Scroll            |     1 |       |    17 |    11 |     1 ||    30
       Potion            |       |       |       |       |     1 ||     1
 Stab: Distracted        |       |       |       |       |     2 ||     2
       Sleeping          |       |       |       |       |     3 ||     3
  Eat: Chunk             |     4 |     6 |    17 |    35 |    15 ||    77
       Fruit             |       |       |     2 |       |       ||     2
       Meat ration       |       |       |     1 |     1 |     2 ||     4
       Pizza             |       |       |       |       |     1 ||     1
Armor: Animal skin       |    10 |       |       |       |       ||    10
       Ring mail         |    33 |       |       |       |       ||    33
       Scale mail        |    21 |    43 |    73 |       |       ||   137
       Chain mail        |       |       |   109 |   286 |   370 ||   765
Dodge: Dodged            |   126 |    57 |   131 |   206 |   239 ||   759
Block: Buckler           |       |       |    61 |   160 |    18 ||   239
       Shield            |       |       |       |       |   426 ||   426
       Rpst.: Falchion   |    38 |    23 |    37 |       |       ||    98
       Long sword        |       |       |       |    58 |    46 ||   104
